 Dungeon Crawl Stone Soup version 0.31-a0-986-g5e6e4ef867 (webtiles) character file.

Game seed: 10309804428540512336

37235 CowFu the Deadly Accurate (level 13, -18/107 HPs)
             Began as a Minotaur Fighter on Nov 6, 2023.
             Was a High Priest of the Shining One.
             Killed from afar by a fire dragon (47 damage)
             ... with a blast of flame
             ... on level 15 of the Dungeon.
             The game lasted 00:23:59 (15538 turns).

CowFu the Deadly Accurate (Minotaur Fighter)       Turns: 15538, Time: 00:23:59

Health: -18/107    AC: 14    Str: 26    XL:     13   Next: 57%
Magic:  15/15      EV: 19    Int:  5    God:    the Shining One [*****.]
Gold:   364        SH:  6    Dex: 14    Spells: 12/12 levels left

rFire   . . .        z - +4 whip (elec)
rCold   . . .        c - +0 buckler
rNeg    + + +        A - +4 ring mail
rPois   .            (helmet restricted)
rElec   .            s - +1 cloak
rCorr   .            t - +0 pair of gloves
SInv    .            (no boots)
Will    .....        u - amulet of faith
Stlth   +            e - +5 ring of evasion
HPRegen 0.37/turn    K - ring of Buthrun {rN+ Dex+4 Slay+3}
MPRegen 0.14/turn

%: faith
@: spiked, glowing
A: horns 2, retaliatory headbutt
a: Renounce Religion, Divine Shield, Cleansing Flame, Summon Divine Warrior


You were on level 15 of the Dungeon.
You worshipped the Shining One.
The Shining One was extremely pleased with you.
You visited 2 branches of the dungeon, and saw 16 of its levels.

You collected 675 gold pieces.
You spent 270 gold pieces at shops.
You donated 41 gold pieces to Zin.

Inventory:

Hand Weapons
 a - a +0 flail of flaming
 z - a +4 whip of electrocution (weapon)
Missiles
 o - 16 curare-tipped darts (quivered)
 p - 3 atropa-tipped darts
 B - 9 javelins
Armour
 c - a +0 buckler (worn)
 s - a +1 cloak (worn)
 t - a +0 pair of gloves (worn)
 A - a +4 ring mail (worn)
Jewellery
 e - a +5 ring of evasion (left hand)
 g - a ring of flight
 r - a ring of ice
 u - an amulet of faith (around neck)
 C - a ring of protection from cold
 D - a ring of resist corrosion
 F - a ring of see invisible
 K - the ring of Buthrun (right hand) {rN+ Dex+4 Slay+3}
   (You acquired it on level 11 of the Dungeon)

   [ring of positive energy]

   Dex+4:     It affects your dexterity (+4).
   Slay+3:    It affects your accuracy & damage with ranged weapons and melee
   (+3).
   rN+:       It protects you from negative energy.
 M - a ring of protection from fire
 N - an amulet of the acrobat
 U - a +6 ring of intelligence
Wands
 q - a wand of roots (20)
 x - a wand of flame (61)
 y - a wand of quicksilver (13)
 I - a wand of paralysis (10)
 J - a wand of mindburst (7)
Scrolls
 h - 4 scrolls of teleportation
 i - 2 scrolls of identify
 G - 2 scrolls of fear
 L - a scroll of fog {unknown}
 P - 2 scrolls of enchant weapon
 Q - 2 scrolls of brand weapon
 S - a scroll of poison
 T - a scroll of silence {unknown}
Potions
 b - a potion of lignification
 d - a potion of might
 f - 5 potions of heal wounds
 j - 3 potions of brilliance
 k - a potion of cancellation
 l - 2 potions of enlightenment
 m - 5 potions of attraction
 n - 11 potions of curing
 v - 3 potions of mutation
 w - 2 potions of degeneration {unknown}
 E - a potion of ambrosia {unknown}
 H - 4 potions of haste {unknown}
 O - a potion of resistance {unknown}
 R - a potion of berserk rage {unknown}


   Skills:
 + Level 7.8 Fighting
 - Level 14.0 Maces & Flails
 - Level 16.0 Throwing
 + Level 7.8 Armour
 + Level 7.4 Dodging
 + Level 7.8 Shields
 + Level 4.7 Invocations


You had 12 spell levels left.
You didn't know any spells.
Your spell library contained the following spells:

 Spells                   Type           Power      Damage    Failure   Level
 Ensorcelled Hibernation  Hex/Ice        0%         N/A       78%         2
 Passwall                 Tmut/Erth      0%         N/A       78%         2
 Ozocubu's Armour         Ice            0%         N/A       95%         3
 Swiftness                Air            0%         N/A       95%         3
 Passage of Golubria      Tloc           0%         N/A       100%        4
 Metabolic Englaciation   Hex/Ice        0%         N/A       100%        5
 Silence                  Hex/Air        0%         N/A       100%        5
 Simulacrum               Ice/Necr       0%         N/A       100%        6
 Lehudib's Crystal Spear  Conj/Erth      0%         10d2      100%        8


Dungeon Overview and Level Annotations

Branches:
Dungeon (15/15)            Temple (1/1) D:6            Lair (0/5) D:9
    Orc (0/2) D:9          Vaults (0/5) D:13
 Depths: D:15

Altars:
Ashenzari
Cheibriados
Dithmenos
Elyvilon
Fedhas
Gozag
Hepliaklqana
Kikubaaqudgha
Makhleb
Nemelex Xobeh
Okawaru
Qazlal
Ru
Sif Muna
Trog
Uskayaw
Vehumet
Wu Jian
Xom
Yredelemnul
Zin
The Shining One

Shops:
D:1 *   D:2 !   D:13 *

Portals:
Bazaar: D:12

Annotations:
D:4 1 runed translucent door, hgbash's ghost, amateur GrEE


Innate Abilities, Weirdness & Mutations

You have a pair of horns on your head.
You reflexively headbutt those who attack you in melee.


Message History

The volley of spikes hits you!
The barbed spikes become lodged in your body.
A manticore is nearby!
The barbed spikes dig painfully into your body as you move.
The manticore flicks its tail.
The volley of spikes hits you!
The barbed spikes become lodged in your body.
The barbed spikes dig painfully into your body as you move.
The manticore flicks its tail.
The volley of spikes hits you!
The barbed spikes become lodged in your body.
A fire dragon comes into view.
The barbed spikes dig painfully into your body as you move.
The fire dragon roars deafeningly!
You hear a roar!
The manticore completely misses you. The manticore claws you!
The manticore closely misses you.
You whack the manticore!
You headbutt the manticore, but do no damage.
The manticore is moderately wounded.
The manticore closely misses you. You furiously retaliate!
You headbutt the manticore. You block the manticore's attack.
The manticore claws you.
You hit the manticore.
The manticore is heavily wounded.
You hit the manticore. You headbutt the manticore.
The manticore is severely wounded.
The manticore misses you. You furiously retaliate!
You headbutt the manticore! The manticore claws you.
The manticore claws you but does no damage.
You hit the manticore.
Lightning courses through the manticore!!
You kill the manticore!
The barbed spikes dig painfully into your body as you move.
The barbed spikes dig painfully into your body as you move.
The barbed spikes dig painfully into your body as you move.
The barbed spikes dig painfully into your body as you move.
* * * LOW HITPOINT WARNING * * *
The fire dragon breathes flames at you. The blast of flame hits you!!!
You die...

###..##.### #
#.. #.# ..#
##..##.#####.#
#.......††...#
#......#####D#
##...##.####....
.....##...D..#
##
.........###†#
##<....@..../#
#.#.###.....#
.........####.#
.....##### .#
... # ...


You could see a fire dragon (catching breath).

Vanquished Creatures
  Frances (D:13)
  Josephine (D:13)
  A vault guard (D:13)
  5 two-headed ogres
  A boulder beetle (D:14)
  5 centaur warriors
  A dancing weapon (D:13)
  12 skeletal warriors
  Pikel (D:4)
  3 cyclopes
  A deep elf pyromancer (D:14)
  6 ugly things
  4 centaur zombies (D:11)
  2 manticores
  An unseen horror (D:13)
  2 komodo dragons
  An efreet (D:13)
  6 trolls
  A hornet (D:10)
  15 slime creatures
  Sigmund (D:3)
  2 shadows (D:11)
  A vampire (D:11)
  A wyvern (D:10)
  7 wraiths
  4 yaks (D:8)
  Eustachio (D:6)
  2 steam dragons
  4 vampire mosquitoes
  Menkaure (D:4)
  3 acid dragons
  4 water moccasins
  5 orc warriors
  A sky beast (D:5)
  2 black bears
  3 ice beasts
  31 centaurs
  2 ogres (D:4)
  2 phantoms
  Blork the orc (D:6)
  A lemure (D:4)
  3 kobold brigands
  4 bullfrogs
  A hornet simulacrum (D:8)
  14 killer bees
  An electric eel (D:8)
  3 howler monkeys
  Crazy Yiuf (D:3)
  A hound (D:6)
  7 orc priests
  4 jellies
  2 sleepcaps (D:5)
  Ijyb (D:3)
  Terence (D:2)
  5 iguanas
  Natasha (thrice) (D:3)
  7 orc wizards
  Robin (D:2)
  3 gnolls (D:3)
  5 adders
  2 shadow imps
  A white imp (D:7)
  An ufetubus (D:8)
  4 dart slugs
  49 orcs
  2 bats
  6 endoplasms
  2 giant cockroaches
  11 goblins
  5 hobgoblins
  A quokka (D:4)
  4 ball pythons
  A frilled lizard (D:3)
  22 kobolds
  4 rats
331 creatures vanquished.

Vanquished Creatures (others)
  An orc wizard (D:8)
  A butterfly (D:14)
2 creatures vanquished.

Grand Total: 333 creatures vanquished

Notes
Turn   | Place    | Note
-------+----------+-------------------------------------------
     0 | D:1      | CowFu the Minotaur Fighter began the quest for the Orb.
     0 | D:1      | Reached XP level 1. HP: 19/19 MP: 0/0
   166 | D:1      | Found Voce's Assorted Antiques.
   168 | D:1      | Reached XP level 2. HP: 26/26 MP: 1/1
   175 | D:1      | Bought a scroll labelled YHUMON ESOWU for 21 gold pieces
   569 | D:2      | Found Wotehon's Distillery.
   607 | D:2      | Found a snail-covered altar of Cheibriados.
   616 | D:2      | Noticed Terence
   622 | D:2      | Killed Terence
   623 | D:2      | Reached XP level 3. HP: 31/31 MP: 2/2
   767 | D:2      | Reached skill level 5 in Maces & Flails
   955 | D:2      | Noticed Robin
   971 | D:2      | Reached XP level 4. HP: 32/39 MP: 3/3
   975 | D:2      | Killed Robin
  1389 | D:3      | Noticed Ijyb
  1400 | D:3      | Killed Ijyb
  1401 | D:3      | Reached XP level 5. HP: 26/46 MP: 4/4
  1417 | D:3      | Reached skill level 1 in Dodging
  1419 | D:3      | Reached skill level 1 in Throwing
  1554 | D:3      | Noticed Sigmund
  1609 | D:3      | Killed Sigmund
  1610 | D:3      | Reached XP level 6. HP: 28/53 MP: 5/5
  1666 | D:3      | Found a hazy altar of Hepliaklqana.
  1849 | D:3      | Noticed Natasha
  1853 | D:3      | Killed Natasha
  1872 | D:3      | Found a runed translucent door.
  1873 | D:3      | Noticed Crazy Yiuf
  2017 | D:3      | Reached skill level 2 in Throwing
  2313 | D:3      | Noticed Natasha
  2321 | D:3      | Killed Natasha
  2434 | D:3      | Killed Crazy Yiuf
  2744 | D:3      | Noticed Natasha
  2749 | D:3      | Killed Natasha
  2780 | D:4      | Reached XP level 7. HP: 39/60 MP: 6/6
  3116 | D:4      | Found a runed translucent door.
  3119 | D:4      | Noticed hgbash's ghost (amateur GrEE)
  3174 | D:4      | Reached skill level 5 in Armour
  3273 | D:4      | Reached skill level 5 in Fighting
  3273 | D:4      | Reached skill level 5 in Shields
  3340 | D:4      | Noticed Menkaure
  3348 | D:4      | Killed Menkaure
  3349 | D:4      | Reached skill level 3 in Throwing
  3588 | D:4      | Noticed Pikel
  3603 | D:4      | HP: 3/61 [Pikel/+1 whip of electrocution (20)]
  3604 | D:4      | Killed Pikel
  3605 | D:4      | Reached skill level 4 in Throwing
  3605 | D:4      | Reached XP level 8. HP: 3/68 MP: 7/7
  4006 | D:5      | Entered Level 5 of the Dungeon
  4024 | D:5      | Reached skill level 5 in Dodging
  4285 | D:5      | Reached skill level 5 in Throwing
  4781 | D:6      | Noticed Eustachio
  4797 | D:6      | Killed Eustachio
  4910 | D:6      | Reached XP level 9. HP: 74/74 MP: 8/8
  4927 | D:6      | Reached skill level 6 in Throwing
  5162 | D:6      | Found a staircase to the Ecumenical Temple.
  5166 | D:6      | Noticed Blork the orc
  5174 | D:6      | Killed Blork the orc
  5181 | Temple   | Entered the Ecumenical Temple
  5193 | Temple   | Became a worshipper of Zin the Law-Giver
  5193 | Temple   | Reached * piety under Zin
  5284 | D:6      | Reached skill level 10 in Maces & Flails
  5391 | D:6      | Reached skill level 7 in Throwing
  5392 | D:6      | Noticed a cyclops
  5433 | D:6      | Killed a cyclops
  5825 | D:7      | Reached skill level 8 in Throwing
  5965 | D:7      | Reached XP level 10. HP: 79/81 MP: 9/9
  5987 | D:7      | Reached ** piety under Zin
  6955 | D:1      | Bought an emerald potion for 18 gold pieces
  6955 | D:1      | Bought a scroll of identify for 42 gold pieces
  6955 | D:1      | Bought a potion of brilliance for 84 gold pieces
  6955 | D:1      | Bought an ivory ring for 105 gold pieces
  7264 | D:8      | Reached skill level 9 in Throwing
  7767 | D:8      | Found a burning altar of Makhleb.
  7767 | D:8      | Noticed a green death
  7998 | D:9      | Reached *** piety under Zin
  8016 | D:9      | Found a shimmering altar of Xom.
  8016 | D:9      | Found a bloodstained altar of Trog.
  8018 | D:9      | Found a radiant altar of Vehumet.
  8048 | D:9      | Found a glowing golden altar of the Shining One.
  8056 | D:9      | Fell from the grace of Zin
  8056 | D:9      | Became a worshipper of the Shining One
  8056 | D:9      | Reached * piety under the Shining One
  8153 | D:9      | Found a staircase to the Orcish Mines.
  8237 | D:9      | Noticed a two-headed ogre
  8251 | D:9      | Killed a two-headed ogre
  8252 | D:9      | Reached skill level 10 in Throwing
  8668 | D:9      | Found a staircase to the Lair.
  8804 | D:10     | Entered Level 10 of the Dungeon
  8923 | D:10     | Noticed a two-headed ogre
  8926 | D:10     | Killed a two-headed ogre
  8927 | D:10     | Reached XP level 11. HP: 59/86 MP: 10/10
  9633 | D:11     | Reached skill level 11 in Throwing
  9704 | D:11     | Reached ** piety under the Shining One
  9830 | D:11     | Reached skill level 12 in Throwing
 10051 | D:11     | Noticed a skeletal warrior
 10054 | D:11     | Noticed a skeletal warrior
 10059 | D:11     | Killed a skeletal warrior
 10060 | D:11     | Noticed a skeletal warrior
 10064 | D:11     | Killed a skeletal warrior
 10077 | D:11     | Killed a skeletal warrior
 10078 | D:11     | Reached skill level 13 in Throwing
 10090 | D:11     | Noticed a skeletal warrior
 10109 | D:11     | Killed a skeletal warrior
 10230 | D:11     | Reached *** piety under the Shining One
 10237 | D:11     | Identified a scroll of acquirement
 10237 | D:11     | Acquired the ring of Buthrun {rN+ Dex+4 Slay+3}
 10534 | D:11     | Reached skill level 14 in Throwing
 11019 | D:12     | Reached XP level 12. HP: 88/94 MP: 11/11
 11061 | D:12     | Noticed a two-headed ogre
 11066 | D:12     | Killed a two-headed ogre
 11550 | D:12     | Reached skill level 15 in Throwing
 11555 | D:12     | Reached **** piety under the Shining One
 11942 | D:12     | Reached skill level 16 in Throwing
 12038 | D:12     | Found a gateway to a bazaar.
 12255 | D:13     | Found Ymmerud's General Store.
 12257 | D:13     | Noticed a two-headed ogre
 12274 | D:13     | Killed a two-headed ogre
 12275 | D:13     | Reached skill level 1 in Invocations
 12384 | D:13     | Noticed a vault guard
 12385 | D:13     | Found a gate to the Vaults.
 12398 | D:13     | Killed a vault guard
 12989 | D:13     | Noticed a two-headed ogre
 12998 | D:13     | Killed a two-headed ogre
 13015 | D:13     | Reached ***** piety under the Shining One
 13016 | D:13     | Reached XP level 13. HP: 84/102 MP: 14/14
 13239 | D:13     | Noticed Frances
 13261 | D:13     | Killed Frances
 13775 | D:13     | Noticed Josephine
 13787 | D:13     | Killed Josephine
 15056 | D:14     | Found a white marble altar of Elyvilon.
 15456 | D:15     | Entered Level 15 of the Dungeon
 15530 | D:15     | Noticed a fire dragon
 15538 | D:15     | Killed from afar by a fire dragon

Illustrated notes

Levels and vault maps discovered:
D:1:      mushboom_english_gardens, layout_rooms, serial_shops, shop,
          palyth_stone_intersect
D:2:      layout_basic, basic_altar, serial_shops,
          nicolae_shop_industrial_runoff, uniq_terence, uniq_robin
D:3:      layout_basic, worldfamousw_hep_ancestral_shrine, uniq_natasha,
          uniq_ijyb, uniq_crazy_yiuf_cottage, uniq_sigmund
D:4:      layout_cave_pods, ebering_ghost_sewer_d, uniq_menkaure, uniq_pikel
D:5:      layout_rooms
D:6:      layout_basic, temple_fountains, kb_rosetta, uniq_blork_the_orc,
          uniq_eustachio
D:7:      layout_layer_cave
D:8:      layout_cave_pools, makhleb_altar_promises_db, serial_ice,
          serial_ice_g, serial_ice_m, serial_ice_l, serial_ice_h
D:9:      layout_roguey, chequers_temple_overflow_statue_of_worship,
          lair_entry_dummy, orc_0_dummy
D:10:     layout_basic, nicolae_hexahallways
D:11:     layout_grid_maze, serial_undead, serial_undead_e, serial_undead_c,
          serial_undead_b, serial_undead_b, kennysheep_generic_room_4
D:12:     layout_loops_ring, serial_shops, freezing_bzr
D:13:     layout_grid_maze, erik_vaults_1, serial_shops, nicolae_stop_n_shop_1,
          uniq_josephine, uniq_frances
D:14:     layout_basic, nicolae_elyvilon_peaceful_grove
D:15:     hangedman_depths_entry_try_elsewhere_first, layout_loops_ring,
          fake_guardian_serpent_vault
Temple:   nicolae_temple_superstar

Skill      XL: |  1  2  3  4  5  6  7  8  9 10 11 12 13 |
---------------+----------------------------------------+-----
Maces & Flails | 3 4 5 6 7 9 11 13 14 | 14.0
Dodging        | 1 2 4 5 6 7 |  7.4
Throwing       | 1 2 4 5 8 10 14 16 | 16.0
Fighting       | 4 5 6 7 |  7.8
Armour         | 4 5 6 7 |  7.8
Shields        | 4 5 6 7 |  7.8
Invocations    | 2 4 |  4.7

Action                     |  1- 3 |  4- 6 |  7- 9 | 10-12 | 13-15 || total
---------------------------+-------+-------+-------+-------+-------++-------
  Melee: Flail             |    48 |   108 |    61 |       |       ||   217
         Headbutt          |     4 |    15 |    39 |   144 |    45 ||   247
         Whip              |       |       |   188 |   594 |   123 ||   905
  Throw: Boomerang         |       |       |     5 |       |       ||     5
         Javelin           |       |       |     1 |       |       ||     1
         Dart              |       |       |       |       |    15 ||    15
 Invoke: Recite            |       |       |     1 |     5 |       ||     6
    Use: Scroll            |       |       |    13 |     1 |     9 ||    23
         Potion            |       |       |       |     3 |       ||     3
   Stab: Confused          |       |       |       |     1 |       ||     1
 Armour: Scale mail        |    19 |    53 |    89 |    12 |       ||   173
         Ring mail         |       |       |       |   233 |    86 ||   319
  Dodge: Dodged            |    28 |    50 |   145 |   304 |   106 ||   633
  Block: Buckler           |     6 |    19 |    48 |    94 |    29 ||   196

Table legend: (Time is in decaauts)
 A = Elapsed time spent in this place.
 B = Non-inter-level travel time spent in this place.
 C = Inter-level travel time spent in this place.
 D = Time resting spent in this place.
 E = Time spent auto-exploring this place.
 F = Levels seen in this place.
 G = Mean time per level.
                   A        B        C        D        E       F      G
               +--------+--------+--------+--------+--------+-----+--------+
         Total |  15186 |  14182 |   1004 |      0 |  12017 |  16 |  949.1 |
       Dungeon |  15161 |  14179 |    982 |      0 |  12017 |  15 | 1010.7 |
        Temple |     24 |      2 |     22 |      0 |      0 |   1 |   24.0 |
               +--------+--------+--------+--------+--------+-----+--------+

Top non-repeatable levels by time:
    D:13: 2023 daAuts
     D:3: 1676 daAuts
     D:4: 1420 daAuts
    D:11: 1277 daAuts
    D:12: 1247 daAuts
    D:14: 1095 daAuts
     D:7: 1085 daAuts
     D:6: 1016 daAuts
     D:9: 846 daAuts
    D:10: 774 daAuts
     D:2: 738 daAuts
     D:8: 703 daAuts
     D:5: 612 daAuts
     D:1: 575 daAuts
    D:15: 68 daAuts
